 Dungeon Crawl Stone Soup version 0.28.0-53-g5a82cb258f (webtiles) character file.

Game seed: 17013791424630571996

1070 pkoi the Conjurer (level 7, -15/42 (50) HPs)
             Began as a Demigod Hedge Wizard on May 24, 2022.
             Demolished by an ogre
             ... wielding a +0 giant spiked club
              (27 damage)
             ... on level 6 of the Dungeon.
             The game lasted 00:16:18 (10972 turns).

pkoi the Conjurer (Demigod Hedge Wizard)           Turns: 10972, Time: 00:16:19

HP:   -15/42 (50)   AC: 13    Str: 11    XL:     7   Next: 79%
MP:   11/14         EV: 12    Int: 24    God:
Gold: 253           SH:  0    Dex: 13    Spells: 0/12 levels left

rFire   . . .      SeeInvis .   m - +0 trident (protect)
rCold   . . .      Faith    .   (no shield)
rNeg    . . .      Spirit   .   b - +1 robe
rPois   .          Reflect  .   k - +2 helmet
rElec   .          Harm     .   (no cloak)
rCorr   .          Rampage  .   (no gloves)
Will    .....                   (no boots)
Stlth   ++........              (no amulet)
HPRegen 0.14/turn               (no ring)
MPRegen 0.14/turn               (no ring)

@: under a protective aura, heavily drained
A: high MP 1, forlorn, divine attributes
a: no special abilities


You were on level 6 of the Dungeon.
You visited 1 branch of the dungeon, and saw 6 of its levels.

You collected 253 gold pieces.

Inventory:

Hand Weapons
 a - a +0 dagger
 d - a +2 dagger of venom
 j - a +2 dagger of speed
 m - a +0 trident of protection (weapon)
Missiles
 e - 3 curare-tipped darts
 i - 3 boomerangs of dispersal
Armour
 b - a +1 robe (worn)
 k - a +2 helmet (worn)
Jewellery
 l - a ring of poison resistance
Scrolls
 c - a scroll of identify
 h - a scroll of enchant armour
Potions
 f - a potion of flight
 g - a potion of might


   Skills:
 - Level 1.7 Dodging
 - Level 1.7 Stealth
 - Level 0.1 Unarmed Combat
 - Level 3.0 Spellcasting
 - Level 6.3 Conjurations
 + Level 2.0 Hexes
 - Level 3.0 Summonings
 - Level 2.0 Translocations
 + Level 3.3 Fire Magic


You couldn't memorise any spells.
You knew the following spells:

 Your Spells              Type           Power      Damage    Failure   Level
a - Magic Dart            Conj           100%       1d8       1%          1
b - Blink                 Tloc           26%        N/A       7%          2
c - Call Imp              Summ           18%        N/A       4%          2
d - Apportation           Tloc           26%        N/A       4%          1
e - Conjure Flame         Conj/Fire      26%        6-21      4%          3
f - Inner Flame           Hex/Fire       16%        N/A       11%         3

Your spell library contained the following spells:

 Spells                   Type           Power      Damage    Failure   Level
 Foxfire                  Conj/Fire      100%       2x1d9     1%          1
 Summon Small Mammal      Summ           72%        N/A       3%          1
 Slow                     Hex            52%        N/A       4%          1
 Call Canine Familiar     Summ           18%        N/A       10%         3
 Animate Skeleton         Necr           6%         N/A       11%         1
 Ensorcelled Hibernation  Hex/Ice        16%        N/A       11%         2
 Summon Guardian Golem    Hex/Summ       15%        N/A       12%         3
 Mephitic Cloud           Conj/Pois/Air  13%        N/A       14%         3
 Flame Wave               Conj/Fire      26%        2d7       14%         4
 Passwall                 Tmut/Erth      2%         N/A       16%         2
 Swiftness                Air            3%         N/A       32%         3


Dungeon Overview and Level Annotations

Branches:
Dungeon (6/15)             Temple (0/1) D:5

Shops:
D:5 [

Annotations:
D:2 1 runed translucent door, Crazy Yiuf


Innate Abilities, Weirdness & Mutations

You have an increased reservoir of magic. (+10% MP)
You shall have no god before yourself.
Your divine heritage dramatically boosts your attributes as you level up.


Message History

Unknown command.
Reach: m) +0 trident (protect)
Press: ? - help, Dir - move target, f/p - orc
Aim: an orc, wielding a +0 club and wearing a +0 ring mail (inner flame, about 42% to evade your +0 trident of protection)
You reach to attack!
You barely miss the orc.
The orc warrior hits you from afar with a +0 halberd!
* * * LOW HITPOINT WARNING * * *
The ogre hits you but does no damage.
Reach: m) +0 trident (protect)
Press: ? - help, Dir - move target, f/p - orc
Aim: an orc, wielding a +0 club and wearing a +0 ring mail (inner flame, about 42% to evade your +0 trident of protection)
You reach to attack!
You hit the orc but do no damage. The orc warrior misses you.
The ogre hits you with a +0 giant spiked club.
* * * LOW HITPOINT WARNING * * *
Reach: m) +0 trident (protect)
Press: ? - help, Dir - move target, f/p - orc
Aim: an orc, wielding a +0 club and wearing a +0 ring mail (inner flame, about 42% to evade your +0 trident of protection)
You reach to attack!
You hit the orc.
Flame seeps out of the orc.
The orc is lightly wounded.
The orc warrior closely misses you. The ogre closely misses you.
The orc is engulfed in blazing flames.
The orc explodes!
The fiery explosion engulfs the ogre!!
The ogre is severely wounded.
The fiery explosion engulfs the orc warrior.
The orc warrior is moderately wounded.
The orc warrior is engulfed in blazing flames.
The orc warrior hits you from afar with a +0 halberd.
* * * LOW HITPOINT WARNING * * *
Unknown command.
Unknown command.
Aiming: Magic Dart (safe; 1% risk of failure)
Press: ? - help, Q - select action, (/) - cycle Shift-Dir - straight line, f - orc warrior
Aim: an orc warrior, wielding a +0 halberd and wearing a +0 plate armour (flame, severely wounded, 100% to hit)
The magic dart hits the ogre.
The ogre is almost dead.
The ogre hits you with a +0 giant spiked club!!
Ouch! That really hurt!
You die...

.#############
... #### #
#####.##
#°O@...#
#.§o######
......##
.>.....
.......
..)....
.......
.......


You could see an orc warrior and an ogre.

Vanquished Creatures
  A black bear (D:5)
  A necrophage (D:4)
  An ice beast (D:5)
  2 ogres
  A scorpion (D:5)
  A wight (D:5)
  3 hounds
  A bullfrog skeleton (D:6)
  Terence (D:2)
  A scorpion zombie (D:5)
  2 orc wizards (D:4)
  2 iguanas (D:5)
  2 hound zombies (D:5)
  A hound skeleton (D:5)
  Robin (D:2)
  8 adders
  4 gnolls (D:5)
  2 worms
  16 orcs
  A ball python (D:4)
  6 endoplasms
  3 giant cockroaches
  19 goblins
  5 hobgoblins
  4 jackals
  5 kobolds
  2 quokkas
  2 bats (D:2)
  3 frilled lizards
  4 rats
105 creatures vanquished.

Vanquished Creatures (collateral kills)
  An orc wizard (D:4)
1 creature vanquished.

Vanquished Creatures (others)
  A wight (D:6)
  3 plants (D:1)
  2 withered plants (D:1)
6 creatures vanquished.

Grand Total: 112 creatures vanquished

Notes
Turn   | Place    | Note
-------+----------+-------------------------------------------
     0 | D:1      | pkoi the Demigod Hedge Wizard began the quest for the Orb.
     0 | D:1      | Reached XP level 1. HP: 14/14 MP: 6/6
    18 | D:1      | Reached skill level 1 in Conjurations
   374 | D:1      | Reached skill level 2 in Conjurations
   531 | D:1      | Reached XP level 2. HP: 14/20 MP: 2/8
  1018 | D:1      | Learned a level 2 spell: Blink
  1037 | D:1      | Reached skill level 1 in Translocations
  2107 | D:2      | Reached XP level 3. HP: 26/26 MP: 7/9
  2301 | D:2      | Learned a level 2 spell: Call Imp
  2313 | D:2      | Found a runed translucent door.
  2314 | D:2      | Noticed Crazy Yiuf
  2361 | D:2      | Reached skill level 1 in Summonings
  3098 | D:2      | Noticed Robin
  3108 | D:2      | Killed Robin
  3687 | D:2      | Reached XP level 4. HP: 33/33 MP: 8/11
  3749 | D:2      | Noticed Terence
  3778 | D:2      | Killed Terence
  3779 | D:2      | Reached skill level 3 in Conjurations
  4768 | D:3      | Learned a level 1 spell: Apportation
  5174 | D:4      | Reached skill level 4 in Conjurations
  5174 | D:4      | Reached XP level 5. HP: 21/36 MP: 5/12
  5464 | D:4      | Noticed a necrophage
  5478 | D:4      | Killed a necrophage
  5592 | D:4      | Reached skill level 5 in Conjurations
  5873 | D:4      | Learned a level 3 spell: Conjure Flame
  6209 | D:4      | Noticed an ogre
  6238 | D:4      | Killed an ogre
  6239 | D:4      | Reached skill level 1 in Fire Magic
  6239 | D:4      | Reached XP level 6. HP: 21/45 MP: 6/13
  7178 | D:5      | Entered Level 5 of the Dungeon
  7297 | D:5      | Found Neptao's Armour Emporium.
  7493 | D:5      | Reached XP level 7. HP: 41/50 MP: 5/14
  8005 | D:5      | Found a staircase to the Ecumenical Temple.
  8038 | D:5      | Reached skill level 6 in Conjurations
  8109 | D:5      | Learned a level 3 spell: Inner Flame
  8748 | D:5      | Reached skill level 1 in Hexes
 10153 | D:6      | Noticed a steam dragon
 10153 | D:6      | Noticed a steam dragon
 10972 | D:6      | Demolished by an ogre

Illustrated notes

Levels and vault maps discovered:
D:1:      dpeg_arrival_water_temple_mockup, layout_rooms,
          shapermc_ecumenical_altar_flowoftime, due_unseen_surprise
D:2:      layout_loops_cross, uniq_crazy_yiuf_cottage, uniq_robin, uniq_terence
D:3:      layout_rooms
D:4:      layout_loops_cross, hangedman_decor_points
D:5:      layout_loops_ring, nicolae_wu_jian_immortal_techniques,
          temple_statues, serial_glass, glass_columns_a, glass_columns_b,
          serial_shops, shop, minmay_misc_feat_room
D:6:      layout_rooms, enter_ossuary_3

Skill      XL: |  1  2  3  4  5  6  7 |
---------------+----------------------+-----
Conjurations   | 2 4 5 6 |  6.3
Translocations | 1 2 |  2.0
Summonings     | 1 2 3 |  3.0
Spellcasting   | 3 |  3.0
Fire Magic     | 1 2 3 |  3.3
Hexes          | 2 |  2.0
Dodging        | |  1.7
Stealth        | |  1.7
Unarmed Combat | |  0.1

Action                   |  1- 3 |  4- 6 |  7- 9 || total
-------------------------+-------+-------+-------++-------
Melee: Dagger            |    41 |    32 |    19 ||    92
       Trident           |       |       |    17 ||    17
 Cast: Magic Dart        |    92 |   122 |    68 ||   282
       Call Imp          |       |     6 |     2 ||     8
       Inner Flame       |       |       |    13 ||    13
       Conjure Flame     |       |       |    11 ||    11
  Use: Scroll            |       |    10 |     2 ||    12
       Potion            |       |     2 |       ||     2
 Stab: Sleeping          |       |     1 |       ||     1
Armor: Robe              |    11 |    24 |    18 ||    53
Dodge: Dodged            |    23 |    39 |    47 ||   109
